 Dungeon Crawl Stone Soup version 0.24.0-1-gfbc8707122 (webtiles) character file.

Game seed: 18017433333659210056, levelgen mode: deterministic

53 Aviak the Insei (level 3, -1/24 HPs)
             Began as an Octopode Transmuter on Oct 27, 2019.
             Slain by an adder (5 damage)
             ... on level 2 of the Dungeon.
             The game lasted 00:02:10 (1422 turns).

Aviak the Insei (Octopode Transmuter)               Turns: 1422, Time: 00:02:11

Health: -1/24      AC:  1    Str: 14    XL:     3   Next: 89%
Magic:  5/6        EV: 14    Int: 15    God:
Gold:   69         SH:  0    Dex: 13    Spells: 3/6 levels left

rFire    . . .     SeeInvis .     - Unarmed
rCold    . . .     Gourm    .   (no shield)
rNeg     . . .     Faith    .   (helmet restricted)
rPois    .         Spirit   .   (no amulet)
rElec    .         Reflect  .   (no ring)
rCorr    .         Harm     .   (no ring)
MR       .....                  (no ring)
Stlth    ++........             (no ring)
HPRegen  0.08/turn              (no ring)
MPRegen  0.10/turn              (no ring)
                                (no ring)
                                (no ring)

@: mighty, lethally poisoned (-1 -> -18), very slightly contaminated
A: almost no armour, stealthy swim, amphibious, 8 rings, constrict 8, camouflage
1, gelatinous body 1
a: no special abilities


You were on level 2 of the Dungeon.
You were not hungry.

You visited 1 branch of the dungeon, and saw 2 of its levels.

You collected 69 gold pieces.

Inventory:

Missiles
 a - 11 arrows
Jewellery
 g - an uncursed amulet of the acrobat {unknown}
Scrolls
 b - 2 scrolls of enchant weapon {unknown}
 d - a scroll of magic mapping {unknown}
 h - 2 scrolls of teleportation {unknown}
Potions
 f - 2 potions of curing {unknown}
Comestibles
 c - 3 rations
 i - a chunk of flesh


   Skills:
 + Level 1.8 Fighting
 + Level 2.4 Dodging
 + Level 3.3 Unarmed Combat
 + Level 2.4 Spellcasting
 + Level 2.5 Transmutations


You had 3 spell levels left.
You knew the following spells:

 Your Spells              Type           Power        Failure   Level  Hunger
a - Beastly Appendage     Tmut           #.....       8%          1    #......
b - Sticks to Snakes      Tmut           #.......     12%         2    ###....

Your spell library contained the following spells:

 Spells                   Type           Power        Failure   Level  Hunger
 Spider Form              Tmut/Pois      #.........   36%         3    ###....
 Ice Form                 Ice/Tmut       #.......     77%         4    #####..
 Blade Hands              Tmut           #.........   91%         5    ######.


Dungeon Overview and Level Annotations

Branches:
Dungeon (2/15)

Altars:
Hepliaklqana


Innate Abilities, Weirdness & Mutations

You cannot wear most types of armour.
You are very stealthy in the water. (Stealth+)
You are amphibious.
You can wear up to eight rings at the same time.
You can use your tentacles to constrict eight enemies at once.
Your skin changes colour to match your surroundings (Stealth+).
Your rubbery body absorbs attacks. (AC +1, EV +1)


Message History

You tentacle-slap the adder.
The adder is heavily wounded.
You feel sick. The adder bites you.
You are lethally poisoned!
The adder poisons you!
Casting: Beastly Appendage (safe; 8% risk of failure)
Confirm with . or Enter, or press ? or * to list all spells.
You miscast Beastly Appendage.
You are very lightly contaminated with residual magic.
The air around you crackles with energy!
You feel sick. The adder bites you.
* * * LOW HITPOINT WARNING * * *
It was a potion of might.
You feel very mighty all of a sudden.
* * * LOW HITPOINT WARNING * * *
You feel sick. The adder bites you.
* * * LOW HITPOINT WARNING * * *
You are more poisoned.
The adder poisons you! The adder bites you.
You die...

. .. ... ....
.....##
#.....#####
#....S@...#
#..#.####.# # #.#
#.######
#......##
######.)###### #.
#(########......#
#.
#......########.#
#. #..#######.##


You could see an adder.

Vanquished Creatures
  An adder (D:2)
  3 bats (D:1)
  2 giant cockroaches (D:1)
  8 goblins
  10 hobgoblins
  3 jackals (D:1)
  5 kobolds (D:1)
  A frilled lizard (D:2)
  4 rats
37 creatures vanquished.

Notes
Turn   | Place    | Note
-------+----------+-------------------------------------------
     0 | D:1      | Aviak the Octopode Transmuter began the quest for the Orb.
     0 | D:1      | Reached XP level 1. HP: 13/13 MP: 3/3
    67 | D:1      | Reached XP level 2. HP: 16/18 MP: 5/5
   116 | D:1      | Learned a level 2 spell: Sticks to Snakes
   747 | D:1      | Reached XP level 3. HP: 23/23 MP: 6/6
  1378 | D:2      | Found a hazy altar of Hepliaklqana.
  1422 | D:2      | Slain by an adder

Levels and vault maps discovered:
D:1:      scummos_arrival_hexagon, layout_basic, minmay_pentomino_p2
D:2:      layout_rooms, lemuel_doored_altar

Action                   || total
-------------------------++-------
Melee: Unarmed           ||    79
       Constrict         ||    27
       Tentacles         ||     8
       Kick              ||     6
       Punch             ||     2
 Cast: Beastly Appendage ||     8
       Sticks to Snakes  ||     1
  Use: Potion            ||     1
 Stab: Sleeping          ||     8
       Distracted        ||     1
  Eat: Chunk             ||     2
Armor: Skin              ||     5
Dodge: Dodged            ||    42
